 Dungeon Crawl Stone Soup version 0.29.0-4-gdea44cf6ec (webtiles) character file.

Game seed: 11932518181845090014

174 qw the Chopper (level 5, 0/30 HPs)
             Began as a Tengu Warper on Aug 28, 2022.
             Slain by an iguana (5 damage)
             ... on level 3 of the Dungeon.
             The game lasted 00:00:14 (2803 turns).

qw the Chopper (Tengu Warper)                       Turns: 2803, Time: 00:00:15

Health: 0/30       AC: 10    Str: 13      XL:     5   Next: 54%
Magic:  9/9        EV:  4    Int: 13 (14) God:
Gold:   161        SH:  0    Dex: 13      Spells: 8/8 levels left

rFire   + . .      SeeInvis .   Y - +0 hand axe
rCold   . . .      Faith    .   (no shield)
rNeg    . . .      Spirit   .   j - +0 plate armour
rPois   .          Reflect  .   (helmet restricted)
rElec   .          Harm     .   (no cloak)
rCorr   .          Rampage  .   (no gloves)
Will    .....      Rage     3%  (boots unavailable)
Stlth   ..........              (no amulet)
HPRegen 0.10/turn               (no ring)
MPRegen 0.11/turn               (no ring)

@: flying quickly and evasively, quick
A: beak, talons 3, nimble flight, berserk 1, deterioration 1, fire resistance 1
a: no special abilities


You were on level 3 of the Dungeon.
You visited 1 branch of the dungeon, and saw 3 of its levels.

You collected 161 gold pieces.


Innate Abilities, Weirdness & Mutations

You have a beak for a mouth.
You have claws for feet.
Your magical nature lets you fly swiftly and evasively.
You sometimes lose your temper in combat.
Your body sometimes deteriorates upon taking damage.
Your flesh is heat resistant. (rF+)


   Skills:
 - Level 2.0 Fighting
 + Level 5.9 Axes
 - Level 1.0 Throwing
 - Level 2.0 Armour
 - Level 2.1 Dodging
 - Level 2.0 Spellcasting
 - Level 2.4 Translocations


You had 8 spell levels left.
You didn't know any spells.
Your spell library contained the following spells:

 Spells                   Type           Power      Damage    Failure   Level
 Blink                    Tloc           14%        N/A       100%        2
 Gell's Gravitas          Tloc           7%         N/A       100%        3
 Lesser Beckoning         Tloc           7%         N/A       100%        3
 Teleport Other           Tloc           7%         N/A       100%        3
 Manifold Assault         Tloc           7%         N/A       100%        5

Inventory:

Hand Weapons
 f - a +0 flail
 Y - a +0 hand axe (weapon)
Armour
 j - a +0 plate armour (worn)
Scrolls
 a - a scroll of acquirement {unknown}
 e - a scroll of identify
Potions
 d - a potion of brilliance {unknown}
 g - a potion of lignification {unknown}
 h - a potion of ambrosia {unknown}
 k - a potion of invisibility {unknown}

Dungeon Overview and Level Annotations

Branches:
Dungeon (3/15)

Altars:
Vehumet


Message History

You start waiting.
You feel yourself speed up.
You recover from your berserk rage.
Done waiting.
You see here a scorpion corpse.
a - a scroll labelled KIXOAF BOAKINU A ball python comes into view.
The ball python hisses angrily.
You hit the ball python. You claw the ball python.
The ball python is severely wounded.
The ball python bites you but does no damage.
The ball python grabs you. The ball python constricts you.
You hit the ball python.
You kill the ball python!
An iguana comes into view.
Found a barding.
Found a radiant altar of Vehumet.
The iguana hisses angrily.
A dart slug comes into view.
2796 ||| Stepping ~*~*~tactically~*~*~ (stealth).
The iguana hisses menacingly.
You hit the iguana but do no damage. The iguana bites you.
You hit the iguana. You claw the iguana.
The iguana is moderately wounded.
The iguana bites you!
Your body deteriorates!
You feel dopey.
You hit the iguana but do no damage.
The iguana is moderately wounded.
The iguana bites you!
You closely miss the iguana. You claw the iguana, but do no damage.
You peck the iguana, but do no damage.
The iguana is moderately wounded.
The iguana bites you!
You closely miss the iguana.
The iguana is moderately wounded.
The iguana barely misses you.
You barely miss the iguana. You peck the iguana, but do no damage.
The iguana is moderately wounded.
The iguana bites you.
You die...

####.. +.....
####.. #.. #.#
#.# # #+# #.#
[.#. ##### #.#
#.# _....##@..#
#.# #>#
#..wl...###.##
#.#
##.##...##...##
#.. #.
##.##.....####
### ..
#.###.......#####
## #.#
#.#...#......
#.###.##.##.#####
#.....#####.#
#####.# #.#


You could see an iguana and a dart slug.

Vanquished Creatures
  A scorpion (D:3)
  5 adders (D:2)
  2 worms (D:2)
  3 dart slugs
  3 bats
  6 endoplasms
  3 giant cockroaches
  5 goblins
  3 hobgoblins
  4 jackals (D:1)
  2 kobolds (D:2)
  3 quokkas
  8 ball pythons
  2 frilled lizards
  4 rats
54 creatures vanquished.

Notes
Turn   | Place    | Note
-------+----------+-------------------------------------------
     0 | D:1      | qw the Tengu Warper began the quest for the Orb.
     0 | D:1      | Reached XP level 1. HP: 12/12 MP: 4/4
     0 | D:1      | 0 ||| qw: Version: 0.1-a-89-g26bdef1
     0 | D:1      | 0 ||| qw: Game counter: 2186
     0 | D:1      | 0 ||| qw: Always use a shield: true
     0 | D:1      | 0 ||| qw: God list: Okawaru
     0 | D:1      | 0 ||| qw: Allow faded altars: false
     0 | D:1      | 0 ||| qw: Do Orc after D:15 true
     0 | D:1      | 0 ||| qw: Do second Lair branch before Depths: true
     0 | D:1      | 0 ||| qw: Lair rune preference: random
     0 | D:1      | 0 ||| qw: Plans: Normal
     0 | D:1      | 0 ||| PLANNING D:1-11
   165 | D:1      | Reached skill level 3 in Axes
   165 | D:1      | Reached XP level 2. HP: 12/17 MP: 6/6
   623 | D:1      | 623 ||| Stepping ~*~*~tactically~*~*~ (stealth).
   625 | D:1      | 625 ||| Stepping ~*~*~tactically~*~*~ (stealth).
   649 | D:1      | Reached XP level 3. HP: 7/21 MP: 7/7
  1055 | D:1      | 1055 ||| Stepping ~*~*~tactically~*~*~ (stealth).
  1135 | D:1      | Reached skill level 4 in Axes
  1159 | D:1      | Found a faded altar of an unknown god.
  1312 | D:1      | 1312 ||| UPGRADING to +0 scale mail.
  1322 | D:1      | 1322 ||| DROPPING +0 leather armour.
  1323 | D:1      | 1323 ||| UPGRADING to +0 plate armour.
  1333 | D:1      | 1333 ||| DROPPING +0 scale mail.
  1334 | D:1      | 1334 ||| READING scroll labelled AXTEOPN YQIQUEFIGU.
  1335 | D:1      | 1335 ||| READING scroll labelled MYAVEALAEL.
  1336 | D:1      | 1336 ||| DRINKING 2 fizzy ruby potions.
  1337 | D:1      | 1337 ||| DROPPING scroll of blinking.
  1338 | D:1      | 1338 ||| DROPPING potion of degeneration.
  1733 | D:2      | 1733 ||| Stepping ~*~*~tactically~*~*~ (stealth).
  1759 | D:2      | 1759 ||| DROPPING +0 club.
  1772 | D:2      | Reached XP level 4. HP: 13/26 MP: 8/8
  2273 | D:2      | 2273 ||| Stepping ~*~*~tactically~*~*~ (stealth).
  2274 | D:2      | 2274 ||| Stepping ~*~*~tactically~*~*~ (stealth).
  2346 | D:2      | Reached skill level 5 in Axes
  2519 | D:2      | 2519 ||| DROPPING orb of guile.
  2520 | D:2      | 2520 ||| READING scroll labelled XERRATWE IPPEA.
  2521 | D:2      | 2521 ||| READING scroll labelled HOIC MIKOEKULL.
  2522 | D:2      | 2522 ||| READING scroll labelled LUKOMU ACZOI.
  2523 | D:2      | 2523 ||| READING scroll labelled ZARGHOE WUTUTH.
  2524 | D:2      | 2524 ||| DRINKING 2 golden potions.
  2524 | D:2      | Gained mutation: You are frail. (-10% HP) [potion of
                  | mutation]
  2524 | D:2      | Gained mutation: Your mind is acute. (Int +4, Str/Dex -1)
                  | [potion of mutation]
  2525 | D:2      | 2525 ||| DRINKING potion of mutation.
  2525 | D:2      | Lost mutation: Your mind is acute. (Int +4, Str/Dex -1)
                  | [potion of mutation]
  2525 | D:2      | Lost mutation: You are frail. (-10% HP) [potion of
                  | mutation]
  2525 | D:2      | Gained mutation: Your body sometimes deteriorates upon
                  | taking damage. [potion of mutation]
  2525 | D:2      | Gained mutation: You sometimes lose your temper in combat.
                  | [potion of mutation]
  2525 | D:2      | Gained mutation: Your flesh is heat resistant. (rF+)
                  | [potion of mutation]
  2641 | D:3      | Noticed a scorpion
  2643 | D:3      | Killed a scorpion
  2644 | D:3      | Gained mutation: Your magical nature lets you fly swiftly
                  | and evasively. [Tengu growth]
  2644 | D:3      | Reached XP level 5. HP: 30/30 MP: 9/9
  2792 | D:3      | Found a radiant altar of Vehumet.
  2796 | D:3      | 2796 ||| Stepping ~*~*~tactically~*~*~ (stealth).
  2801 | D:3      | HP: 4/30 [iguana (9)]
  2803 | D:3      | Slain by an iguana

Levels and vault maps discovered:
D:1:      dpeg_arrival_stone_temple_mockup, layout_loops_ring,
          hellmonk_ecumenical_altar_run_dry
D:2:      minmay_wonky_spiral, layout_basic, kennysheep_decorative_pillar
D:3:      layout_loops_corners, vehumet_crystals, serial_park_tiny_pond,
          minmay_close_crescents

Skill      XL: |  1  2  3  4 |
---------------+-------------+-----
Axes           | 3 4 5 |  5.9
Armour         | 2 |  2.0
Fighting       | |  2.0
Throwing       | |  1.0
Dodging        | |  2.1
Spellcasting   | |  2.0
Translocations | |  2.4

Action                   |  1- 3 |  4- 6 || total
-------------------------+-------+-------++-------
Melee: Hand axe          |   103 |    45 ||   148
       Peck              |    17 |     7 ||    24
       Kick              |    17 |    15 ||    32
       Punch             |     1 |     1 ||     2
Throw: Boomerang         |     7 |       ||     7
  Use: Scroll            |     2 |     4 ||     6
       Potion            |     1 |     2 ||     3
Armor: Leather armour    |    16 |       ||    16
       Plate armour      |    17 |    28 ||    45
Dodge: Dodged            |    53 |     7 ||    60

Table legend:
 A = Non-vault XP
 B = Vault XP
 C = Vault XP percentage of total XP
 D = Non-vault monster count
 E = Vault monster count
 F = Vault count percentage of total count
                 A         B        C        D         E       F
            +---------+---------+-------+---------+---------+-------
      Total |     239 |      10 |   4.0 |      50 |       4 |   7.4
            +---------+---------+-------+---------+---------+-------
        D:1 |      50 |       0 |   0.0 |      26 |       0 |   0.0
        D:2 |      97 |      10 |   9.3 |      21 |       4 |  16.0
        D:3 |      92 |       0 |   0.0 |       3 |       0 |   0.0
            +---------+---------+-------+---------+---------+-------
